[ AOE2 MATCH · #495288531 ]
UnrankedPersians vs Japanese
Player's team · WIN
Rival team · LOSS
[ REPLAY ANALYSIS · EXTRACTED FROM THE RECORDED GAME ]
Feudal
9:08
Castle
28:04
Imperial
43:05
| APM avg | 46.5 |
| APM peak | 77 |
| eAPM avg | 25.1 |
| Villagers / military | 140 / 899 |
Focus
⚔️ 48.9% · 🌾 51.1%
Scout Cavalry ×500 · Archer ×156 · Hand Cannoneer ×140 · Knight ×65 · Trebuchet (Packed) ×13 · Bombard Cannon ×12
Feudal
11:49
Castle
28:59
Imperial
44:46
| APM avg | 41.4 |
| APM peak | 75 |
| eAPM avg | 25.8 |
| Villagers / military | 183 / 1137 |
Focus
⚔️ 44.8% · 🌾 55.2%
Spearman ×417 · Samurai ×258 · Skirmisher ×251 · Scout Cavalry ×110 · Knight ×35 · Militia ×30
Match map
Initial resources + every placement click. Lines = walls · curves = elevation contours. ◆ gold · ⬟ stone · ● berries · ✦ relic · ◌ wall gap
Your base· Open — 3t gap
BilbooDEMON's base· ✓ Closed at 28:59 · 18t walls · 1 gate(s)
Smoothed initial terrain · ◌ = detected wall gap · hover for details
Inputs per minute
— simonthepope - - BilbooDEMON
Build order — simonthepope
First 150 of 741 actions detected
| 0:04 | Build | Town Center |
| 1:07 | Queue | Villager (Male) |
| 1:07 | Queue | Villager (Male) |
| 1:07 | Queue | Villager (Male) |
| 1:13 | Queue | Villager (Male) |
| 1:14 | Queue | Villager (Male) |
| 1:45 | Queue | Villager (Male) |
| 2:11 | Queue | Villager (Male) |
| 2:40 | Queue | Villager (Male) |
| 3:03 | Queue | Villager (Male) |
| 3:29 | Queue | Villager (Male) |
| 3:29 | Queue | Villager (Male) |
| 3:47 | Queue | Villager (Male) |
| 4:14 | Queue | Villager (Male) |
| 4:17 | Build | House |
| 4:59 | Queue | Villager (Male) |
| 5:07 | Queue | Villager (Male) |
| 5:22 | Build | Mill |
| 5:36 | Build | Lumber Camp |
| 5:42 | Research | Loom |
| 6:29 | Research | Feudal Age |
| 7:38 | Build | Barracks |
| 8:10 | Build | House |
| 9:08 | Age | Feudal Age |
| 9:10 | Queue | Villager (Male) |
| 9:10 | Queue | Villager (Male) |
| 9:14 | Build | Stable |
| 9:17 | Research | Double-Bit Axe |
| 9:19 | Queue | Villager (Male) |
| 9:36 | Queue | Spearman |
| 9:41 | Build | House |
| 9:42 | Build | Palisade Wall |
| 9:50 | Queue | Villager (Male) |
| 10:01 | Queue | Scout Cavalry |
| 10:11 | Queue | Villager (Male) |
| 10:19 | Build | House |
| 10:32 | Queue | Scout Cavalry |
| 10:38 | Queue | Villager (Male) |
| 10:46 | Build | House |
| 10:52 | Research | Horse Collar |
| 10:55 | Queue | Villager (Male) |
| 11:04 | Build | House |
| 11:09 | Build | Palisade Wall |
| 11:12 | Build | Palisade Wall |
| 11:27 | Queue | Scout Cavalry |
| 11:36 | Queue | Scout Cavalry |
| 11:44 | Queue | Scout Cavalry |
| 11:53 | Queue | Villager (Male) |
| 11:53 | Queue | Villager (Male) |
| 11:56 | Build | Archery Range |
| 12:07 | Build | Mining Camp |
| 12:30 | Build | House |
| 12:33 | Queue | Scout Cavalry |
| 12:41 | Build | Palisade Wall |
| 12:43 | Build | House |
| 12:47 | Build | Palisade Wall |
| 12:48 | Build | Palisade Wall |
| 13:01 | Queue | Archer |
| 13:02 | Queue | Villager (Male) |
| 13:04 | Queue | Villager (Male) |
| 13:09 | Build | Farm |
| 13:09 | Build | Farm |
| 13:09 | Build | Farm |
| 13:48 | Queue | Skirmisher |
| 13:56 | Queue | Scout Cavalry |
| 14:10 | Build | Blacksmith |
| 14:12 | Build | Palisade Wall |
| 14:29 | Queue | Archer |
| 14:48 | Queue | Scout Cavalry |
| 14:49 | Queue | Villager (Male) |
| 15:00 | Build | Farm |
| 15:19 | Queue | Archer |
| 15:20 | Queue | Villager (Male) |
| 15:21 | Queue | Villager (Male) |
| 15:41 | Queue | Archer |
| 16:01 | Research | Fletching |
| 16:01 | Research | Padded Archer Armor |
| 16:27 | Queue | Archer |
| 16:28 | Queue | Villager (Male) |
| 16:29 | Queue | Villager (Male) |
| 16:32 | Build | Farm |
| 16:32 | Build | Farm |
| 16:32 | Build | Farm |
| 16:32 | Build | Farm |
| 17:01 | Queue | Archer |
| 17:03 | Queue | Villager (Male) |
| 17:05 | Build | Archery Range |
| 17:18 | Build | House |
| 17:22 | Build | Farm |
| 17:37 | Queue | Archer |
| 17:38 | Queue | Archer |
| 17:50 | Build | House |
| 17:51 | Build | House |
| 17:53 | Queue | Archer |
| 18:08 | Queue | Archer |
| 18:08 | Queue | Archer |
| 18:12 | Queue | Scout Cavalry |
| 18:24 | Queue | Archer |
| 18:47 | Queue | Archer |
| 19:03 | Queue | Archer |
| 19:21 | Build | Stable |
| 19:22 | Queue | Scout Cavalry |
| 19:23 | Queue | Scout Cavalry |
| 19:34 | Build | Farm |
| 19:38 | Queue | Archer |
| 19:38 | Queue | Archer |
| 19:41 | Queue | Villager (Male) |
| 19:42 | Queue | Villager (Male) |
| 19:44 | Build | Farm |
| 19:55 | Build | House |
| 19:56 | Build | House |
| 20:09 | Queue | Scout Cavalry |
| 20:19 | Build | Farm |
| 20:20 | Build | Farm |
| 20:48 | Queue | Scout Cavalry |
| 20:48 | Queue | Scout Cavalry |
| 20:50 | Queue | Archer |
| 21:02 | Queue | Villager (Male) |
| 21:04 | Build | Farm |
| 21:05 | Build | Farm |
| 21:06 | Queue | Villager (Male) |
| 21:07 | Queue | Archer |
| 21:19 | Queue | Archer |
| 21:25 | Queue | Villager (Male) |
| 21:32 | Queue | Archer |
| 21:43 | Queue | Archer |
| 21:46 | Queue | Archer |
| 21:48 | Queue | Scout Cavalry |
| 21:48 | Queue | Scout Cavalry |
| 21:51 | Build | Farm |
| 21:52 | Build | Farm |
| 22:26 | Queue | Scout Cavalry |
| 22:26 | Queue | Scout Cavalry |
| 22:35 | Queue | Villager (Male) |
| 22:36 | Queue | Villager (Male) |
| 22:55 | Queue | Archer |
| 22:55 | Queue | Archer |
| 22:55 | Queue | Archer |
| 22:56 | Queue | Villager (Male) |
| 23:00 | Build | Mill |
| 23:01 | Build | Farm |
| 23:02 | Build | Farm |
| 23:02 | Build | Farm |
| 23:05 | Queue | Villager (Male) |
| 23:12 | Queue | Archer |
| 23:14 | Queue | Villager (Male) |
| 23:15 | Queue | Villager (Male) |
| 23:39 | Queue | Scout Cavalry |
| 23:40 | Queue | Villager (Male) |
| 23:49 | Build | Lumber Camp |
Build order — BilbooDEMON
First 150 of 818 actions detected
| 0:02 | Build | Town Center |
| 1:04 | Queue | Villager (Male) |
| 1:05 | Queue | Villager (Male) |
| 1:05 | Queue | Villager (Male) |
| 1:05 | Queue | Villager (Male) |
| 1:37 | Build | Lumber Camp |
| 2:15 | Queue | Villager (Male) |
| 2:27 | Queue | Villager (Male) |
| 2:47 | Queue | Villager (Male) |
| 3:17 | Queue | Villager (Male) |
| 4:01 | Queue | Villager (Male) |
| 4:01 | Queue | Villager (Male) |
| 4:18 | Build | House |
| 4:37 | Queue | Villager (Male) |
| 4:38 | Queue | Villager (Male) |
| 4:47 | Build | Mill |
| 4:53 | Queue | Villager (Male) |
| 5:52 | Queue | Villager (Male) |
| 5:53 | Queue | Villager (Male) |
| 6:32 | Queue | Villager (Male) |
| 7:06 | Queue | Villager (Male) |
| 7:13 | Build | Barracks |
| 7:19 | Build | House |
| 7:50 | Queue | Villager (Male) |
| 7:52 | Research | Loom |
| 8:28 | Queue | Militia |
| 8:28 | Queue | Militia |
| 8:28 | Queue | Militia |
| 9:11 | Queue | Villager (Male) |
| 9:18 | Build | House |
| 9:39 | Research | Feudal Age |
| 10:09 | Build | Farm |
| 10:11 | Build | Farm |
| 10:17 | Build | Farm |
| 10:23 | Build | House |
| 10:23 | Queue | Militia |
| 10:24 | Queue | Militia |
| 11:03 | Queue | Militia |
| 11:08 | Build | Mill |
| 11:17 | Build | House |
| 11:26 | Queue | Militia |
| 11:49 | Age | Feudal Age |
| 11:52 | Research | Man-at-Arms (upgrade) |
| 12:10 | Build | Mill |
| 12:16 | Queue | Villager (Male) |
| 12:16 | Queue | Villager (Male) |
| 12:19 | Build | Archery Range |
| 12:21 | Build | Palisade Wall |
| 12:23 | Queue | Villager (Male) |
| 12:35 | Queue | Militia |
| 12:35 | Queue | Militia |
| 13:07 | Build | Blacksmith |
| 13:15 | Queue | Militia |
| 13:18 | Queue | Archer |
| 13:19 | Queue | Archer |
| 13:19 | Queue | Skirmisher |
| 13:44 | Queue | Militia |
| 13:46 | Queue | Skirmisher |
| 13:46 | Queue | Villager (Male) |
| 13:54 | Queue | Villager (Male) |
| 13:58 | Build | Farm |
| 13:59 | Build | Farm |
| 14:09 | Queue | Archer |
| 14:09 | Queue | Archer |
| 14:18 | Build | House |
| 14:20 | Research | Fletching |
| 14:38 | Queue | Villager (Male) |
| 14:39 | Queue | Villager (Male) |
| 14:44 | Build | Farm |
| 14:48 | Research | Double-Bit Axe |
| 14:51 | Queue | Skirmisher |
| 14:57 | Build | House |
| 15:01 | Queue | Militia |
| 15:26 | Queue | Spearman |
| 15:32 | Build | House |
| 15:33 | Queue | Villager (Male) |
| 16:00 | Queue | Skirmisher |
| 16:01 | Queue | Skirmisher |
| 16:09 | Build | House |
| 16:10 | Queue | Villager (Male) |
| 16:11 | Queue | Villager (Male) |
| 16:13 | Queue | Militia |
| 16:29 | Queue | Skirmisher |
| 16:30 | Queue | Skirmisher |
| 16:31 | Queue | Militia |
| 16:58 | Queue | Spearman |
| 17:02 | Queue | Militia |
| 17:02 | Queue | Militia |
| 17:04 | Queue | Villager (Male) |
| 17:09 | Build | House |
| 17:14 | Build | Stone Wall |
| 17:38 | Queue | Militia |
| 17:38 | Queue | Militia |
| 17:41 | Queue | Skirmisher |
| 17:43 | Queue | Villager (Male) |
| 17:43 | Queue | Villager (Male) |
| 17:51 | Queue | Spearman |
| 18:07 | Queue | Spearman |
| 18:17 | Queue | Villager (Male) |
| 18:18 | Queue | Villager (Male) |
| 18:56 | Queue | Villager (Male) |
| 19:07 | Build | Farm |
| 19:07 | Build | Farm |
| 19:07 | Build | Farm |
| 19:08 | Build | Farm |
| 19:09 | Build | Farm |
| 19:10 | Build | Farm |
| 19:11 | Build | Farm |
| 19:21 | Queue | Skirmisher |
| 19:22 | Queue | Skirmisher |
| 19:27 | Queue | Villager (Male) |
| 19:32 | Research | Horse Collar |
| 19:37 | Build | Mining Camp |
| 19:42 | Build | Mining Camp |
| 19:43 | Queue | Villager (Male) |
| 20:12 | Queue | Skirmisher |
| 20:13 | Queue | Militia |
| 20:13 | Queue | Militia |
| 20:45 | Queue | Villager (Male) |
| 20:45 | Queue | Villager (Male) |
| 21:21 | Queue | Militia |
| 21:27 | Queue | Villager (Male) |
| 21:27 | Queue | Villager (Male) |
| 21:52 | Queue | Militia |
| 21:52 | Queue | Militia |
| 21:58 | Queue | Villager (Male) |
| 21:59 | Queue | Villager (Male) |
| 22:01 | Queue | Militia |
| 22:02 | Queue | Militia |
| 22:04 | Build | Mill |
| 22:07 | Queue | Skirmisher |
| 22:07 | Queue | Skirmisher |
| 22:58 | Research | Padded Archer Armor |
| 23:16 | Build | Stone Wall |
| 23:17 | Queue | Villager (Male) |
| 23:19 | Research | Wheelbarrow |
| 23:26 | Build | Farm |
| 23:27 | Build | Farm |
| 23:27 | Build | Farm |
| 23:27 | Build | Farm |
| 23:29 | Build | Farm |
| 23:29 | Build | Farm |
| 23:36 | Build | Market |
| 23:41 | Build | Gate |
| 23:49 | Queue | Archer |
| 23:50 | Queue | Skirmisher |
| 23:53 | Queue | Militia |
| 23:54 | Queue | Militia |
| 24:05 | Queue | Spearman |
| 24:14 | Queue | Skirmisher |
Match timeline
| 7:13 | BilbooDEMON · first_building Barracks |
| 7:38 | simonthepope · first_building Barracks |
| 9:08 | simonthepope · age_up feudal |
| 9:14 | simonthepope · first_building Stable |
| 9:42 | simonthepope · wall_segment Palisade Wall x3 |
| 11:09 | simonthepope · wall_segment Palisade Wall x4 |
| 11:12 | simonthepope · wall_segment Palisade Wall x10 |
| 11:49 | BilbooDEMON · age_up feudal |
| 11:56 | simonthepope · first_building Archery Range |
| 12:19 | BilbooDEMON · first_building Archery Range |
| 12:21 | BilbooDEMON · wall_segment Palisade Wall x1 |
| 12:41 | simonthepope · wall_segment Palisade Wall x3 |
| 12:47 | simonthepope · wall_segment Palisade Wall x1 |
| 12:48 | simonthepope · wall_segment Palisade Wall x1 |
| 14:12 | simonthepope · wall_segment Palisade Wall x3 |
| 17:14 | BilbooDEMON · wall_segment Stone Wall x11 |
| 23:16 | BilbooDEMON · wall_segment Stone Wall x6 |
| 24:14 | simonthepope · wall_segment Palisade Wall x4 |
| 25:37 | simonthepope · first_market_buy 100 food |
| 25:59 | BilbooDEMON · first_market_buy 100 food |
| 27:38 | BilbooDEMON · first_market_sell 100 stone |
| 28:04 | simonthepope · age_up castle |
| 28:59 | BilbooDEMON · age_up castle |
| 29:07 | BilbooDEMON · first_building Castle |
| 29:40 | BilbooDEMON · wall_segment Stone Wall x3 |
| 32:20 | BilbooDEMON · wall_segment Stone Wall x3 |
| 32:47 | BilbooDEMON · wall_segment Palisade Wall x1 |
| 32:48 | BilbooDEMON · wall_segment Palisade Wall x1 |
| 32:51 | BilbooDEMON · wall_segment Palisade Wall x1 |
| 33:06 | BilbooDEMON · wall_segment Stone Wall x1 |
| 35:49 | simonthepope · first_building Castle |
| 39:54 | simonthepope · first_market_sell 100 food |
| 43:05 | simonthepope · age_up imperial |
| 44:46 | BilbooDEMON · age_up imperial |
| 55:44 | simonthepope · first_building Siege Workshop |
| 59:30 | BilbooDEMON · first_building Stable |
| 62:05 | simonthepope · first_building Monastery |
| 63:33 | BilbooDEMON · first_building Siege Workshop |
| 64:39 | simonthepope · wall_segment Stone Wall x5 |
| 78:04 | BilbooDEMON · resign |
[ AI ANALYSIS · 1 CREDIT ]
What really happened in this match?
Wolo.gg analyzes every decision: build order, eco, micro, common mistakes by bracket. Personalized analysis on WhatsApp or Discord in 30 seconds.
Civ guide
Persians
Perfil
Jugador #10425540